 Dungeon Crawl Stone Soup version 0.19.5 (webtiles) character file.

58 equalderp2856 the Caller (level 3, 0/17 HPs)
             Began as a Felid Summoner on Mar 31, 2017.
             Slain by a worm (12 damage)
             ... on level 1 of the Dungeon.
             The game lasted 00:11:09 (5551 turns).

equalderp2856 the Caller (Felid Summoner)           Turns: 5551, Time: 00:11:10

Health: 0/17       AC:  1    Str:  4      XL:     3   Next: 76%
Magic:  7/7        EV: 18    Int: 16      God:
Gold:   59         SH:  0    Dex: 16 (17) Spells: 1 memorised, 5 levels left
                                        Lives:  0   Deaths: 0

rFire  . . .     SeeInvis +     (weapon unavailable)
rCold  . . .     Gourm    .     (armour unavailable)
rNeg   . . .     Faith    .     (shield unavailable)
rPois  .         Spirit   .     (helmet unavailable)
rElec  .         Reflect  .     (cloak unavailable)
rCorr  .         Harm     .     (gloves unavailable)
MR     .....                    (boots unavailable)
Stlth  +++.......               (no amulet)
                                (no ring)
                                (no ring)

@: quick
A: no armour, no weapons or thrown items, stealth, claws 1, fangs 3, see
invisible, carnivore 3, speed 1, shaggy fur 1, slow metabolism 1, sharp paws
a: no special abilities


You were on level 1 of the Dungeon.
You were not hungry.

You visited 1 branch of the dungeon, and saw 3 of its levels.

You collected 59 gold pieces.

Inventory:

Scrolls
 d - a scroll of identify
 e - 2 scrolls of fear
 g - 2 scrolls of teleportation
 h - a scroll of fog {unknown}
 i - a scroll of amnesia {unknown}
 l - a scroll of magic mapping {unknown}
 o - a scroll of remove curse {unknown}
Potions
 c - a potion of mutation {unknown}
 j - a potion of cancellation {unknown}
 k - a potion of haste {unknown}
 m - a potion of flight {unknown}
 n - a potion of agility {unknown}
Books
 a - a book of Callings

   Spells                             Type                      Level
   a - Summon Small Mammal            Summoning                    1
   b - Call Imp                       Summoning                    2
   c - Call Canine Familiar           Summoning                    3
   d - Summon Guardian Golem          Hexes/Summoning              3
   e - Summon Lightning Spire         Summoning/Air                4
   f - Summon Ice Beast               Ice/Summoning                4
 p - a book of Minor Magic

   Spells                             Type                      Level
   a - Magic Dart                     Conjuration                  1
   b - Blink                          Translocation                2
   c - Call Imp                       Summoning                    2
   d - Repel Missiles                 Charms/Air                   2
   e - Slow                           Hexes                        2
   f - Conjure Flame                  Conjuration/Fire             3
   g - Mephitic Cloud                 Conjuration/Poison/Air       3
Comestibles
 b - 2 meat rations


   Skills:
 * Level 3.1 Fighting
 - Level 2.6 Dodging
 - Level 2.8 Stealth
 - Level 2.0 Spellcasting
 - Level 4.2 Summonings


You had 5 spell levels left.
You knew the following spells:

 Your Spells              Type           Power        Failure   Level  Hunger
a - Summon Small Mammal   Summ           ###.         4%          1    #......


Dungeon Overview and Level Annotations

Branches:
Dungeon (3/15)

Altars:
Ashenzari
Okawaru


Innate Abilities, Weirdness & Mutations

You cannot wear armour.
You are incapable of wielding weapons or throwing items.
Your paws allow you to move quietly. (Stealth)
You have sharp claws.
You have razor-sharp teeth.
You have supernaturally acute eyesight. (SInv)
You are carnivorous and can eat meat at any time.
You cover ground quickly.
You are covered in fur. (AC +1)
You have a slow metabolism.
Your sharp claws are effective at attacking unaware monsters.


Message History

HP restored.
There is a stone staircase leading down, spattered with blood here.
You climb downwards.
There is a stone staircase leading up, spattered with blood here.
You scratch the worm but do no damage. Your bite misses the worm.
There is a stone staircase leading up, spattered with blood here.
The worm bites you.
You climb upwards.
There is a stone staircase leading down, spattered with blood here.
You scratch the worm. You bite the worm, but do no damage.
The worm is lightly wounded.
You scratch the worm but do no damage. You scratch the worm but do no damage.
You scratch the worm but do no damage. The worm completely misses you.
You scratch the worm but do no damage. You scratch the worm.
The worm is lightly wounded.
The worm bites you!
Ouch! That really hurt!
You die...

##.......##..##≈P♣≈.....≈
##.....###..##≈≈≈≈.###.≈
##...####...'.....#§#..
##.....)...#≈≈≈≈.###.≈
################.###≈PP≈.....≈
#.............##.# #≈P♣≈≈≈≈≈≈≈
#.###########.##.# #≈PP≈≈P♣♣≈≈
####.#.........[....###≈♣P≈≈.♣.≈≈
...[.#.###....>.@w....#≈.P≈≈PP.≈≈
######.# #.#####.####.#≈♣P≈≈♣♣P≈≈
#.# #.# #.# #.#≈♣♣≈≈PP.≈≈ #.# #.#
#.# #.#≈PP≈≈P♣P≈≈ ###.# #.# #.#
#.#≈♣P≈≈P..≈≈ #..[# #.# #.#
#>#≈≈≈≈≈≈≈≈≈≈ #.### #.# #.#
#.########### #.#
#.#####.####.##.# #.#
#)....[......##.#


You could see a worm.

Vanquished Creatures
  An adder (D:2)
  2 dart slugs (D:1)
  A leopard gecko (D:2)
  2 orcs
  4 bats
  2 giant cockroaches (D:1)
  7 goblins
  4 hobgoblins
  7 jackals
  2 kobolds (D:2)
  A frilled lizard (D:2)
  6 rats
39 creatures vanquished.

Notes
Turn   | Place    | Note
-------+----------+-------------------------------------------
     0 | D:1      | equalderp2856 the Felid Summoner began the quest for the Orb.
     0 | D:1      | Reached XP level 1. HP: 7/7 MP: 4/4
   508 | D:1      | Reached skill level 1 in Fighting
   508 | D:1      | Reached XP level 2. HP: 5/12 MP: 6/6
  2014 | D:2      | Reached XP level 3. HP: 12/16 MP: 7/7
  2086 | D:2      | Found a shattered altar of Ashenzari.
  3257 | D:2      | Found an iron altar of Okawaru.
  5551 | D:1      | Slain by a worm

Skill      XL: |  1  2  3 |
---------------+----------+-----
Fighting       | 1 2 3 |  3.1
Dodging        | |  2.6
Stealth        | |  2.8
Spellcasting   | |  2.0
Summonings     | |  4.2

Action                   || total
-------------------------++-------
Melee: Unarmed           ||   313
       Bite              ||    40
  Use: Potion            ||     4
       Scroll            ||     3
 Stab: Sleeping          ||     8
       Distracted        ||     1
  Eat: Chunk             ||     9
Armor: Skin              ||    21
Dodge: Dodged            ||   263
